 Dungeon Crawl Stone Soup version 0.27-a0-1078-g0d77da13b5 (webtiles) character file.

Game seed: 11300358760638254078

32 Gaff the Sneak (level 3, 30/30 HPs)
             Began as a Djinni Delver on Apr 25, 2021.
             Was a Follower of Cheibriados.
             Got out of the dungeon alive.
             The game lasted 00:02:42 (953 turns).

Gaff the Sneak (Djinni Delver)                       Turns: 953, Time: 00:02:42

Health: 30/30      AC:  3    Str: 13    XL:     3   Next: 27%
Gold:   42         EV: 12    Int: 14    God:    Cheibriados [*.....] SH:  0 Dex: 16

rFire    + + .     SeeInvis .   a - +0 falchion
rCold    x . .     Faith    .   (no shield)
rNeg     . . .     Spirit   .   b - +0 leather armour
rPois    ∞         Reflect  .   (no helmet)
rElec    .         Harm     .   (no cloak)
rCorr    .         Rampage  .   (no gloves)
Will     .....                  (boots unavailable)
Stlth    ++........             (no amulet)
HPRegen  0.10/turn              (no ring)
MPRegen  0.00/turn              (no ring)

@: flying, very slow
A: fire resistance 2, cold vulnerability 1, float, innate caster, hp casting,
extra vitality 1
a: Renounce Religion, Bend Time


You escaped.
You worshipped Cheibriados.
Cheibriados was aware of your devotion.
You visited 1 branch of the dungeon, and saw 5 of its levels.

You collected 42 gold pieces.

Inventory:

Hand Weapons
 a - a +0 falchion (weapon)
 s - a +0 vampiric dagger
Missiles
 k - 5 atropa-tipped darts (quivered)
Armour
 b - a +0 leather armour (worn)
Jewellery
 h - an amulet of guardian spirit
Wands
 g - a wand of digging (3)
Scrolls
 c - a scroll of fog
 d - a scroll of magic mapping
 e - 2 scrolls of fear
 i - a scroll of acquirement {unknown}
 j - 2 scrolls of teleportation {unknown}
 l - 2 scrolls of identify {unknown}
 m - 2 scrolls of enchant armour {unknown}
 q - a scroll of immolation
 r - a scroll of noise {unknown}
Potions
 f - a potion of haste
 n - a potion of curing {unknown}
 o - 2 potions of degeneration {unknown}
 p - a potion of brilliance {unknown}


   Skills:
 + Level 3.5 Fighting
 + Level 2.3 Long Blades
 + Level 0.5 Armour
 + Level 2.6 Dodging
 - Level 4.1 Stealth


You had one spell level left.
You knew the following spells:

 Your Spells              Type           Power      Damage    Failure   Level
a - Sting                 Tmut/Pois      0%         1d3       36%         1
Your spell library was empty.

Dungeon Overview and Level Annotations

Branches:
Dungeon (5/15)
 Temple: D:4-7

Altars:
Cheibriados


Innate Abilities, Weirdness & Mutations

You are immune to poison.
Your flesh is very heat resistant. (rF++)
You are vulnerable to cold. (rC-)
You float through the air rather than walking.
You learn spells naturally, not from books.
Your magical power is your life essence.
You have superior vitality. (+4 HP)


Message History

You hit the giant cockroach.
You kill the giant cockroach!
Cheibriados thoroughly appreciates the change of pace.
You see here a giant cockroach corpse.
Found 16 stones.
A hobgoblin comes into view.
The hobgoblin shouts!
You hit the hobgoblin.
You kill the hobgoblin!
Cheibriados appreciates the change of pace.
You see here a hobgoblin corpse.
You reach down and open the door.
There is an open door here.
Found a metal-bound book.
A rat comes into view.
Found a scroll labelled FIATSIL RUMUS.
The rat bites you but does no damage.
You see here a scroll labelled BODEFI LOTEOCH.
The rat barely misses you. The rat bites you but does no damage.
The rat barely misses you.
You see here a scroll labelled FIATSIL RUMUS.
You hit the rat.
You kill the rat!
Cheibriados appreciates the change of pace.
m - 2 scrolls labelled BODEFI LOTEOCH (gained 1)
j - 2 scrolls labelled FIATSIL RUMUS (gained 1)
You see here a book of Conjurations.
Found a stone staircase leading down.
r - a scroll labelled KYOPNO JUJYAPS
Found a glowing dagger.
Found a staircase leading out of the dungeon.
You now have 42 gold pieces (gained 9).
You reach down and open the door.
Found a stone staircase leading down.
There is a staircase leading out of the dungeon here.
You see here a +0 vampiric dagger.
s - a +0 vampiric dagger
There is a staircase leading out of the dungeon here.
Are you sure you want to leave the Dungeon?
This will make you lose the game!
You have escaped!

#.#...............#
#...#######.#######.. ##..#
#.# #... #..# ###.## #...#
##.# #....###...# #.#
#.....#...# #.#####........#
#.#>..'........#### ######
#.#####.@.......... #....# #.#
#.........### #....#
#.####################
#....####..............##.....
....[.....##########....#.##..
...................'......##.#
#.(..#.#####.#######....#.##.#
#....#.##.................##.#
#....#.##............###..##.#


There were no monsters in sight!

Vanquished Creatures
  A howler monkey zombie (D:2)
  An endoplasm (D:2)
  A giant cockroach (D:1)
  3 goblins (D:2)
  4 hobgoblins
  A quokka (D:2)
  A ball python (D:2)
  3 bats
  4 kobolds
  A rat (D:1)
20 creatures vanquished.

Notes
Turn   | Place    | Note
-------+----------+-------------------------------------------
     0 | D:5      | Gaff the Djinni Delver began the quest for the Orb.
     0 | D:5      | Reached XP level 1. HP: 20/20 MP: 0/0
    17 | D:5      | Noticed a jelly
   115 | D:3      | Found a snail-covered altar of Cheibriados.
   163 | D:2      | Reached XP level 2. HP: 22/25 MP: 0/0
   295 | D:2      | Reached XP level 3. HP: 3/30 MP: 0/0
   295 | D:2      | Learned a level 1 spell: Sting
   741 | D:1      | Found a faded altar of an unknown god.
   755 | D:1      | Became a worshipper of Cheibriados the Contemplative
   755 | D:1      | Reached * piety under Cheibriados
   953 | D:$      | Got out of the dungeon alive.

Illustrated notes

Levels and vault maps discovered:
D:1:      elethiomel_arrival_shortcut, layout_basic,
          hellmonk_ecumenical_altar_blasted, roderic_lattice_a
D:2:      layout_basic, minmay_diced_spiral
D:3:      minmay_razor_zed, layout_basic, cheibriados_altar_1,
          grunt_dithmenos_smoke_and_mirrors
D:4:      minmay_recursive_quarters, layout_basic
D:5:      layout_cave_pools, old_standard_altar, serial_rivers,
          chequers_serial_rivers_micro_c, chequers_serial_rivers_small_3,
          chequers_serial_rivers_marsh, chequers_serial_rivers_micro_c,
          chequers_serial_rivers_small_a, grunt_decor_mini_mirrors

Skill      XL: |  1 |
---------------+----+-----
Long Blades    | 2 |  2.3
Fighting       | |  3.5
Armour         | |  0.5
Dodging        | |  2.6
Stealth        | |  4.1

Action                   || total
-------------------------++-------
Melee: Falchion          ||    55
 Cast: Sting             ||     1
Armor: Leather armour    ||    15
Dodge: Dodged            ||    40
       Rpst.: Falchion   ||    10

Table legend: (Time is in decaauts)
 A = Elapsed time spent in this place.
 B = Non-inter-level travel time spent in this place.
 C = Inter-level travel time spent in this place.
 D = Time resting spent in this place.
 E = Time spent auto-exploring this place.
 F = Levels seen in this place.
 G = Mean time per level.
                   A        B        C        D        E       F      G
               +--------+--------+--------+--------+--------+-----+--------+
         Total |   1032 |   1032 |      0 |    237 |    479 |   5 |  206.4 |
       Dungeon |   1032 |   1032 |      0 |    237 |    479 |   5 |  206.4 |
               +--------+--------+--------+--------+--------+-----+--------+

Top non-repeatable levels by time:
     D:2: 451 daAuts
     D:1: 432 daAuts
     D:4: 67 daAuts
     D:3: 53 daAuts
     D:5: 27 daAuts
